Map: Orbital Shipyard

Players

Comadiroma - Winner!

  • Race: Zerg Zerg
  • League: Platinum

EasyBakedCat

  • Race: Zerg Zerg
  • League: Master

VOD

Have the link to the VOD?

Description

Muta vs roach in ZvZ against someone I realized was hacking.

Time

  • Played on: Dec. 6, 2015, 9:43 a.m.
  • Length: 11:05
Show
View Real Time Build Order
Export as new Build Order

Comadiroma Zerg - Winner!

Build Orders: Hatch First, Muta Ling Bane 

Get SALT Encoding   

  12  0:03  Drone  
  13  0:08  Drone  
  14  0:17  Overlord  
  14  0:26  Drone, Extractor  
  15  0:35  Drone  
  16  0:36  Drone  
  17  0:52  Hatchery  
  17  0:57  Drone  
  17  1:01  Extractor  
  17  1:02  Drone  
  17  1:15  Spawning Pool  
  16  1:18  Drone  
  16  1:22  Drone  
  18  1:29  Drone  
  19  1:40  Drone  
  20  1:50  Overlord  
  20  2:03  Metabolic Boost  
  20  2:04  Zergling x4  
  22  2:12  Drone  
  23  2:16  Drone  
  24  2:23  Drone  
  24  2:26  Queen x2  
  29  2:30  Drone  
  29  2:35  Overlord  
  30  2:37  Drone  
  31  2:45  Drone  
  31  2:48  Drone  
  33  2:55  Drone, Spine Crawler  
  33  3:04  Baneling Nest  
  31  3:13  Drone  
  31  3:15  Drone x2  
  31  3:19  Overlord  
  34  3:26  Drone  
  35  3:28  Drone  
  36  3:37  Hatchery, Zergling x4  
  36  3:38  Zergling x4  
  36  3:41  Drone x3  
  42  3:52  Drone x2  
  42  3:53  Drone  
  45  3:56  Queen  
  45  3:58  Lair  
  45  4:00  Extractor  
  45  4:01  Drone  
  45  4:02  Extractor  
  46  4:04  Drone  
  46  4:09  Drone x4  
  51  4:10  Drone  
  51  4:13  Baneling x2  
  51  4:19  Overlord  
  51  4:26  Extractor  
  50  4:39  Drone  
  50  4:40  Drone x5  
  50  4:44  Drone x3  
  59  4:56  Spire  
  59  4:57  Drone x4, Extractor  
  59  4:58  Overlord  
  61  5:03  Extractor  
  60  5:12  Drone x3  
  60  5:13  Drone x2  
  65  5:17  Drone  
  65  5:18  Drone x3  
  65  5:19  Drone x2  
  71  5:29  Overlord x2  
  71  5:44  Drone x2  
  71  5:47  Overlord x2  
  73  5:52  Overseer  
  73  5:59  Overlord x2  
  73  6:04  Drone  
  73  6:05  Drone x7  
  73  6:08  Mutalisk  
  73  6:09  Mutalisk x2  
  87  6:12  Mutalisk, Zerg Flyer Weapons Level 1  
  89  6:18  Mutalisk  
  89  6:19  Mutalisk x3  
  89  6:20  Hatchery, Extractor  
  89  6:22  Extractor  
  94  6:27  Mutalisk x4  
  102  6:35  Overlord x3  
  102  6:41  Mutalisk x2  
  106  6:48  Mutalisk  
  108  6:57  Centrifical Hooks  
  108  6:59  Zergling x10  
  113  7:05  Mutalisk  
  115  7:13  Zergling x4  
  115  7:14  Zergling x18  
  126  7:17  Spine Crawler  
  126  7:19  Hatchery, Extractor  
  126  7:20  Spine Crawler x2  
  126  7:22  Spine Crawler, Extractor  
  119  7:27  Drone  
  119  7:28  Drone x2  
  122  7:35  Mutalisk  
  122  7:36  Mutalisk x3  
  125  7:41  Overseer x2  
  125  7:43  Pneumatized Carapace  
  125  7:49  Infestation Pit  
  124  7:52  Overseer  
  124  7:54  Overseer  
  124  7:55  Overseer  
  124  8:12  Mutalisk x3  
  124  8:14  Overlord x2  
  124  8:15  Overlord x2  
  130  8:21  Hatchery  
  130  8:22  Drone x2  
  130  8:23  Drone  
  130  8:24  Drone x3  
  130  8:25  Drone x3  
  130  8:26  Mutalisk  
  138  8:27  Mutalisk  
  138  8:34  Mutalisk x2  
  142  8:47  Mutalisk x2  
  144  8:50  Zergling x20  
  154  9:07  Mutalisk  
  154  9:08  Mutalisk x4  
  156  9:10  Zergling x6  
  156  9:14  Mutalisk  
  147  9:23  Baneling x10  
  147  9:28  Mutalisk  
  147  9:31  Mutalisk  
  151  9:44  Zergling x22  
  140  10:00  Mutalisk  
  140  10:01  Mutalisk x6  
  152  10:22  Baneling  
  152  10:23  Baneling x21  
  152  10:24  Mutalisk x3  
  158  10:43  Zergling x32  
Show
View Real Time Build Order
Export as new Build Order

EasyBakedCat Zerg 

Build Orders: Hatch First 

Get SALT Encoding   

  12  0:01  Drone  
  13  0:13  Overlord  
  13  0:19  Drone  
  14  0:31  Drone  
  14  0:33  Drone  
  16  0:44  Drone  
  17  0:54  Hatchery  
  16  0:58  Drone  
  17  1:07  Drone  
  18  1:12  Spawning Pool  
  18  1:17  Extractor  
  18  1:18  Drone  
  17  1:27  Drone  
  18  1:43  Overlord  
  18  1:58  Drone, Queen  
  18  2:00  Zergling x2  
  22  2:06  Queen  
  22  2:08  Zergling x2  
  25  2:11  Zergling x2  
  26  2:20  Drone  
  27  2:34  Queen  
  29  2:39  Baneling Nest  
  29  2:42  Queen  
  30  2:46  Drone x5  
  30  2:50  Overlord  
  35  2:58  Drone  
  35  3:04  Overlord  
  36  3:09  Drone x2  
  36  3:10  Drone  
  39  3:18  Overlord  
  38  3:29  Drone  
  38  3:30  Drone  
  40  3:36  Overlord  
  40  3:39  Hatchery  
  40  3:40  Baneling x2  
  39  3:46  Extractor  
  38  3:49  Extractor  
  38  3:50  Drone x3  
  38  3:51  Drone x2  
  42  3:58  Drone x2  
  42  3:59  Drone x2  
  42  4:00  Drone  
  42  4:02  Baneling  
  47  4:04  Baneling  
  47  4:07  Zergling x4  
  48  4:19  Roach Warren  
  48  4:20  Drone x2  
  48  4:21  Evolution Chamber  
  48  4:26  Drone  
  48  4:27  Drone  
  50  4:36  Drone x4  
  50  4:37  Drone  
  55  4:38  Drone  
  56  4:46  Overlord  
  56  4:50  Queen  
  58  4:56  Lair  
  58  4:57  Zerg Missile Weapons Level 1  
  58  5:01  Extractor  
  58  5:02  Drone x2  
  58  5:03  Drone  
  60  5:07  Drone x2  
  60  5:08  Drone  
  63  5:15  Drone x5  
  63  5:16  Drone  
  69  5:24  Overlord  
  69  5:29  Drone x4  
  73  5:35  Overlord  
  73  5:43  Drone x4  
  77  5:52  Overlord  
  77  5:54  Overlord  
  77  5:55  Overlord  
  77  5:58  Glial Reconstitution  
  77  6:08  Roach  
  77  6:09  Roach x5  
  77  6:10  Overlord  
  89  6:12  Overlord  
  89  6:13  Roach x4  
  97  6:18  Spore Crawler  
  97  6:19  Spore Crawler  
  97  6:21  Spore Crawler  
  97  6:22  Spore Crawler  
  97  6:23  Drone x3  
  97  6:24  Spore Crawler  
  95  6:27  Spore Crawler  
  95  6:28  Spore Crawler  
  95  6:29  Spore Crawler  
  95  6:31  Spore Crawler, Roach  
  95  6:32  Spore Crawler, Roach x2  
  96  6:33  Roach  
  100  6:40  Roach x4  
  106  6:56  Hydralisk Den  
  106  6:57  Drone x2, Spore Crawler  
  106  6:58  Spore Crawler  
  105  7:01  Overlord x2  
  105  7:02  Roach x2  
  105  7:03  Roach x2  
  105  7:06  Overlord x2  
  113  7:14  Roach  
  113  7:15  Roach  
  114  7:16  Overlord  
  106  7:35  Hydralisk x7  
  106  7:36  Hydralisk x2  
  106  7:39  Drone  
  106  7:40  Drone x2, Extractor  
  108  7:51  Hydralisk x3  
  108  7:52  Hydralisk x3  
  120  7:59  Infestation Pit, Muscular Augments  
  120  8:04  Drone x4  
  123  8:06  Extractor  
  123  8:09  Zerg Missile Weapons Level 2  
  123  8:12  Evolution Chamber  
  121  8:20  Drone  
  121  8:21  Drone  
  123  8:28  Hydralisk x6  
  123  8:31  Overlord  
  123  8:32  Overseer  
  133  8:35  Overseer  
  133  8:36  Overseer  
  123  8:46  Hydralisk x4  
  121  8:50  Overlord  
  121  9:03  Hydralisk  
  121  9:04  Hydralisk x3  
  121  9:09  Hydralisk x2  
  123  9:16  Hydralisk x2  
  113  9:24  Zergling x2  
  113  9:26  Metabolic Boost  
  114  9:38  Hydralisk  
  114  9:39  Hydralisk x3  
  114  9:44  Zergling x12  
  117  9:59  Hydralisk x2  
  97  10:00  Hydralisk x3  
  95  10:16  Hydralisk x4  
  103  10:24  Zergling x10  
  110  10:35  Hydralisk  
  106  10:37  Overlord x3  
  105  10:45  Zergling x2  
  105  10:46  Zergling x12  
Tags
 
Add a new tag
Caveats
  • Supply blocks, unpowered buildings, or Contaminate may cause inaccurate times.
  • Supply counts are checked every 10 seconds.